Map: Ever Dream LE

Players

soul

  • Race: Terran Terran
  • League: Master
  • Spawn Location: 7:00

LiquidMaNa (MaNa) - Winner!

  • Race: Protoss Protoss
  • League: Grandmaster
  • Spawn Location: 1:00

Event: DreamHack SC2 Masters 2020 Summer Europe

VOD

Have the link to the VOD?

Description

Time

  • Played on: July 9, 2020, 10:33 a.m.
  • Length: 10:12

All games in this series

Show
View Real Time Build Order
Export as new Build Order

soul Terran 

Build Orders:  

Get SALT Encoding   

  12  0:00  SCV  
  13  0:13  SCV  
  14  0:16  Supply Depot  
  14  0:25  SCV  
  15  0:38  SCV  
  15  0:39  Barracks  
  16  0:43  Refinery  
  16  0:50  SCV  
  17  1:02  SCV  
  18  1:14  SCV  
  19  1:26  Orbital Command, Marine  
  20  1:44  Reaper  
  21  1:51  Command Center  
  21  1:53  SCV  
  22  2:03  Supply Depot  
  22  2:05  SCV  
  23  2:08  Factory  
  23  2:22  Barracks Reactor, Bunker  
  23  2:24  SCV  
  23  2:26  Refinery  
  24  2:36  SCV  
  25  2:48  SCV  
  26  2:54  Widow Mine  
  28  2:59  Marine x2  
  28  3:00  SCV  
  30  3:13  SCV  
  30  3:16  Marine  
  30  3:17  Marine  
  33  3:24  Orbital Command  
  33  3:25  SCV  
  34  3:27  Factory Tech Lab  
  34  3:28  Starport  
  34  3:34  Marine  
  34  3:37  SCV  
  34  3:39  Marine  
  37  3:47  Cyclone  
  40  3:51  SCV  
  36  4:03  SCV  
  36  4:05  Marine  
  35  4:15  SCV  
  36  4:18  Viking  
  36  4:20  Cyclone  
  36  4:24  Marine  
  42  4:27  SCV  
  42  4:29  Supply Depot  
  43  4:32  Supply Depot  
  43  4:34  Marine  
  43  4:37  SCV  
  45  4:40  SCV  
  45  4:42  Supply Depot  
  46  4:50  Armory  
  46  4:51  SCV  
  47  4:56  SCV  
  47  5:03  SCV  
  47  5:06  Marine  
  49  5:07  Siege Tank  
  49  5:09  SCV  
  49  5:12  Marine  
  54  5:15  SCV  
  54  5:21  SCV  
  56  5:23  Marine  
  56  5:27  SCV  
  60  5:36  SCV  
  60  5:37  Command Center  
  60  5:39  SCV  
  60  5:42  Drilling Claws  
  62  5:43  Supply Depot  
  62  5:49  SCV  
  63  5:51  Widow Mine, SCV  
  63  5:54  Medivac  
  66  5:59  Barracks  
  66  6:00  Marine, Barracks  
  66  6:01  SCV  
  66  6:03  SCV  
  69  6:07  Refinery  
  69  6:08  Refinery  
  69  6:13  SCV  
  69  6:15  SCV  
  69  6:16  Engineering Bay  
  69  6:17  Engineering Bay  
  69  6:18  Widow Mine  
  73  6:23  Marine  
  73  6:25  Marine, SCV  
  75  6:27  Supply Depot, SCV  
  75  6:32  Supply Depot  
  77  6:35  Supply Depot  
  77  6:38  SCV  
  77  6:40  Marine  
  77  6:48  Medivac  
  77  6:49  Widow Mine  
  77  6:50  Orbital Command  
  77  6:51  Barracks Tech Lab x2  
  81  6:55  Terran Infantry Weapons Level 1  
  81  6:57  SCV  
  81  6:58  Supply Depot, SCV  
  82  7:09  SCV  
  82  7:10  SCV, Barracks x2  
  82  7:12  Combat Shield  
  82  7:13  Stimpack  
  84  7:18  Terran Infantry Armor Level 1  
  84  7:20  Marauder  
  87  7:24  Marauder  
  87  7:29  Marine  
  90  7:30  SCV  
  90  7:32  SCV  
  90  7:33  Marine  
  92  7:42  Marauder, SCV  
  92  7:43  Orbital Command, Starport Reactor  
  91  7:46  Marauder, Marine, SCV  
  91  7:47  Supply Depot  
  91  7:50  Factory Reactor  
  95  7:51  Supply Depot, Marine  
  95  7:54  SCV  
  95  7:58  SCV  
  98  8:03  Marauder  
  98  8:04  Marine  
  99  8:06  SCV  
  99  8:07  Marauder  
  99  8:08  SCV  
  99  8:09  Marine  
  99  8:10  SCV  
  99  8:12  Bunker  
  103  8:14  Bunker  
  103  8:18  Barracks Reactor, Barracks Tech Lab, SCV  
  104  8:22  Marine  
  104  8:23  SCV  
  104  8:25  Marauder, Supply Depot x2, Medivac  
  104  8:26  Medivac  
  108  8:27  Marine  
  108  8:28  Marauder, Widow Mine  
  108  8:31  Widow Mine  
  108  8:32  SCV x2  
  117  8:35  Refinery, SCV  
  117  8:38  Refinery  
  117  8:39  Concussive Shells  
  117  8:40  Marauder  
  120  8:44  SCV x2  
  120  8:46  Marauder  
  120  8:48  Supply Depot  
  125  8:53  Marine x3  
  129  9:03  Marauder  
  129  9:07  Command Center  
  131  9:10  Medivac  
  131  9:19  Marauder x2, Marine, SCV  
  131  9:21  Supply Depot, Factory  
  137  9:24  Siege Tank, Marauder  
  142  9:36  Marine  
  142  9:38  Ghost Academy, Barracks x2  
  143  9:39  Marine  
  143  9:41  Marauder x2  
  143  9:44  Supply Depot, Marine  
  149  9:46  Marauder  
  149  9:52  Marine  
  143  10:05  Factory Tech Lab  
Show
View Real Time Build Order
Export as new Build Order

LiquidMaNa Protoss - Winner!

Build Orders: Oracle Opening 

Get SALT Encoding   

  12  0:00  Probe  
  13  0:12  Probe  
  14  0:18  Pylon  
  14  0:24  Probe  
  15  0:32  Probe  
  15  0:40  Gateway, Probe  
  16  0:46  Assimilator  
  17  0:51  Probe  
  18  0:59  Assimilator, Probe  
  19  1:07  Probe  
  19  1:17  Probe  
  21  1:27  Cybernetics Core  
  21  1:30  Probe  
  22  1:39  Pylon  
  23  1:52  Nexus  
  23  1:53  Probe  
  23  1:55  Adept  
  22  2:04  Warp Gate  
  22  2:06  Probe  
  25  2:12  Pylon  
  25  2:18  Probe  
  26  2:30  Probe, Stargate  
  26  2:36  Stalker  
  29  2:43  Probe  
  30  2:55  Probe  
  31  3:04  Oracle  
  31  3:07  Probe  
  31  3:17  Probe  
  31  3:19  Adept, Probe  
  38  3:29  Probe  
  38  3:31  Probe  
  40  3:38  Twilight Council  
  40  3:41  Probe  
  41  3:43  Probe  
  42  3:53  Probe  
  42  3:55  Probe  
  42  4:04  Charge  
  42  4:05  Probe  
  42  4:07  Probe  
  44  4:12  Gateway  
  44  4:13  Gateway  
  44  4:17  Probe, Phoenix, Pylon  
  44  4:19  Probe  
  44  4:24  Pylon  
  48  4:29  Probe  
  49  4:31  Probe  
  49  4:33  Nexus  
  49  4:37  Sentry  
  52  4:38  Pylon  
  52  4:41  Probe  
  52  4:43  Probe  
  54  4:46  Shield Battery  
  54  4:53  Probe  
  54  4:56  Probe  
  56  5:02  Phoenix  
  56  5:04  Assimilator  
  56  5:06  Assimilator, Probe  
  56  5:09  Zealot x3  
  56  5:11  Probe  
  63  5:18  Probe  
  63  5:20  Robotics Facility  
  64  5:23  Probe  
  64  5:30  Probe  
  64  5:31  Zealot x3  
  64  5:35  Probe  
  70  5:39  Forge  
  70  5:42  Shield Battery  
  70  5:43  Probe  
  70  5:45  Probe x2  
  73  5:51  Probe  
  73  5:53  Probe x2  
  74  6:00  Probe  
  74  6:02  Protoss Ground Armor Level 1, Zealot x3, Probe x2  
  85  6:15  Photon Cannon, Pylon  
  85  6:18  Photon Cannon  
  85  6:27  Gateway  
  85  6:33  Observer, Probe x2  
  85  6:35  Probe  
  85  6:38  Blink, Robotics Bay  
  89  6:45  Probe x2  
  89  6:47  Probe  
  89  6:53  Assimilator  
  89  6:54  Assimilator  
  90  6:57  Probe, Pylon  
  90  6:58  Probe  
  90  7:00  Probe  
  93  7:04  Robotics Facility, Pylon x2  
  93  7:07  Immortal  
  93  7:13  Pylon  
  97  7:18  Probe x2  
  97  7:19  Photon Cannon  
  99  7:26  Pylon  
  99  7:27  Extended Thermal Lance, Probe  
  98  7:30  Probe  
  98  7:31  Observer  
  98  7:35  Colossus  
  99  7:39  Probe  
  100  7:44  Colossus  
  100  7:47  Photon Cannon  
  106  7:53  Gateway, Protoss Ground Weapons Level 1  
  106  7:54  Gateway  
  108  7:58  Probe  
  108  8:02  Stalker x2  
  108  8:05  Probe x2  
  114  8:14  Colossus  
  114  8:23  Templar Archives  
  114  8:26  Gateway  
  114  8:27  Gateway  
  114  8:29  Gateway, Warp Prism  
  114  8:30  Gateway  
  122  8:42  Nexus  
  122  8:49  Shield Battery  
  122  8:54  Pylon  
  122  8:55  Pylon  
  122  8:56  Probe x2  
  122  8:57  Pylon, Probe  
  122  8:59  High Templar x2  
  122  9:00  High Templar x2  
  133  9:05  Archon x2  
  133  9:10  Colossus  
  139  9:27  High Templar x2  
  139  9:28  Zealot x4  
  149  9:31  Archon  
  149  9:34  Stalker x2  
  149  9:35  Stalker x2  
  157  9:42  Pylon  
  157  9:47  Pylon  
  157  9:50  Pylon  
  151  9:57  Zealot x6  
  151  9:58  Zealot x2  
Tags
 
Add a new tag
Caveats
  • Supply blocks, unpowered buildings, or Contaminate may cause inaccurate times.
  • Supply counts are checked every 10 seconds.